 Dungeon Crawl Stone Soup version 0.21.1-1-g345015f (webtiles) character file.

46 shakethe the Insei (level 3, -4/23 HPs)
             Began as an Octopode Transmuter on Feb 7, 2018.
             Slain by Terence
             ... wielding a +3 short sword of venom
              (6 damage)
             ... on level 2 of the Dungeon.
             The game lasted 00:02:45 (1393 turns).

shakethe the Insei (Octopode Transmuter)            Turns: 1393, Time: 00:02:46

Health: -4/23      AC:  1    Str:  9    XL:     3   Next: 66%
Magic:  6/6        EV: 13    Int: 15    God:
Gold:   105        SH:  0    Dex: 13    Spells: 5/6 levels left

rFire    . . .     SeeInvis .     - Unarmed
rCold    . . .     Gourm    .   (no shield)
rNeg     . . .     Faith    .   (helmet restricted)
rPois    .         Spirit   .   (no amulet)
rElec    .         Reflect  .   (no ring)
rCorr    .         Harm     .   (no ring)
MR       .....                  (no ring)
Stlth    +++.......             (no ring)
HPRegen  0.07/turn              (no ring)
MPRegen  0.10/turn              (no ring)
                                (no ring)
                                (no ring)

@: lethally poisoned (-4 -> -37)
A: almost no armour, stealthy swim, amphibious, 8 rings, constrict 8, camouflage
1, gelatinous body 1
a: no special abilities


You were on level 2 of the Dungeon.
You were hungry.

You visited 1 branch of the dungeon, and saw 2 of its levels.

You collected 105 gold pieces.

Inventory:

Missiles
 a - 32 arrows
Scrolls
 d - a scroll of identify {unknown}
 f - a scroll of magic mapping {unknown}
 h - a scroll of blinking {unknown}
 i - a scroll of immolation {unknown}
 j - a scroll of noise {unknown}
 l - a scroll of remove curse {unknown}
Potions
 e - 2 potions of curing {unknown}
 g - 3 potions of brilliance {unknown}
 k - 2 potions of degeneration {unknown}
 m - a potion of flight {unknown}
 n - a potion of mutation {unknown}
 o - a potion of magic {unknown}
Books
 b - a book of Changes

   Spells                             Type                      Level
   a - Beastly Appendage              Transmutation                1
   b - Sticks to Snakes               Transmutation                2
   c - Spider Form                    Transmutation/Poison         3
   d - Ice Form                       Ice/Transmutation            4
   e - Blade Hands                    Transmutation                5
Comestibles
 c - a ration


   Skills:
 + Level 1.5 Fighting
 - Level 2.0 Dodging
 + Level 1.6 Stealth
 * Level 3.6 Unarmed Combat
 + Level 2.3 Spellcasting
 + Level 2.3 Transmutations


You had 5 spell levels left.
You knew the following spells:

 Your Spells              Type           Power        Failure   Level  Hunger
a - Beastly Appendage     Tmut           #.....       9%          1    #......


Dungeon Overview and Level Annotations

Branches:
Dungeon (2/15)

Altars:
Ru
Yredelemnul

Annotations:
D:2 Terence


Innate Abilities, Weirdness & Mutations

You cannot wear most types of armour.
You are very stealthy in the water. (Stealth+)
You are amphibious.
You can wear up to eight rings at the same time.
You can use your tentacles to constrict eight enemies at once.
Your skin changes colour to match your surroundings (Stealth+).
Your rubbery body absorbs attacks. (AC +1, EV +1)


Message History

You tentacle-slap Terence but do no damage.
Terence is lightly wounded.
You constrict Terence.
You feel sick.
Terence hits you with a short sword of venom!
* * * LOW HITPOINT WARNING * * *
You are more poisoned.
You tentacle-slap Terence but do no damage.
Terence is lightly wounded.
You constrict Terence, but do no damage.
* * * LOW HITPOINT WARNING * * *
You feel sick. Terence hits you but does no damage.
You are more poisoned.
You tentacle-slap Terence but do no damage.
You squeeze Terence.
Terence is heavily wounded.
You constrict Terence.
* * * LOW HITPOINT WARNING * * *
You feel sick.
Terence hits you with a short sword of venom.
You die...

.###.# .#?# #.##.#
### #!...### #.#..
)##...... #.#.# ##
#)#..####. #.#.# ..
###.## #..#.#.# .####
....#
#......###......
.#### #...#$..@@.# .#
#....%#####
.#########.#.#.#
.............#.######
##########.# #......#
# #####.# ######.#
######.....###
#.##########
.............#
#..........#
.##.......##.##
##########.#


You could see Terence.

Vanquished Creatures
  An adder (D:2)
  A worm (D:2)
  2 dart slugs (D:1)
  2 giant cockroaches (D:2)
  4 goblins
  4 hobgoblins
  4 jackals (D:1)
  3 bats
  4 frilled lizards
  4 rats
29 creatures vanquished.

Notes
Turn   | Place    | Note
-------+----------+-------------------------------------------
     0 | D:1      | shakethe the Octopode Transmuter began the quest for the Orb.
     0 | D:1      | Reached XP level 1. HP: 13/13 MP: 3/3
    55 | D:1      | Reached XP level 2. HP: 4/18 MP: 3/5
   425 | D:1      | Reached skill level 1 in Stealth
   997 | D:2      | Found a basalt altar of Yredelemnul.
  1068 | D:2      | Found a sacrificial altar of Ru.
  1089 | D:2      | Reached XP level 3. HP: 23/23 MP: 4/6
  1381 | D:2      | Noticed Terence
  1393 | D:2      | Slain by Terence

Skill      XL: |  1  2 |
---------------+-------+-----
Stealth        | 1 |  1.6
Fighting       | |  1.5
Dodging        | |  2.0
Unarmed Combat | |  3.6
Spellcasting   | |  2.3
Transmutations | |  2.3

Action                   || total
-------------------------++-------
Melee: Unarmed           ||    64
       Constrict         ||    15
       Kick              ||     7
       Tentacles         ||     8
       Punch             ||     1
 Cast: Beastly Appendage ||    12
 Stab: Sleeping          ||     6
  Eat: Chunk             ||     1
Armor: Skin              ||     5
Dodge: Dodged            ||    35
